CAL
BAKERSFIELD BLAZE @ MODESTO NUTS
08/25/2099
 
TOP OF THE 1ST
Bakersfield Blaze batting - Pitching for Modesto Nuts : LHP John Wells
Pitching: LHP John Wells
Batting: RHB Kevin Spence 0-0: Ball
1-0: Foul Ball, location: 23F
1-1: Foul Ball, location: 3F
1-2: Strikes out swinging
Batting: LHB Phil Rogalla 0-0: Called Strike
0-1: Foul Ball, location: 3F
0-2: Ball
1-2: Strikes out looking
Batting: RHB Tony Arias 0-0: Ball
1-0: Swinging Strike
1-1: Ball
2-1: Called Strike
2-2: Ball
3-2: Strikes out swinging
Top of the 1st over - 0 runs, 0 hits, 0 errors, 0 left on base; Bakersfield 0 - Modesto 0
BOTTOM OF THE 1ST
Modesto Nuts batting - Pitching for Bakersfield Blaze : RHP Josh Gravelle
Pitching: RHP Josh Gravelle
Batting: RHB Jorge Jacobo 0-0: Ball
1-0: Ball
2-0: Called Strike
2-1: Ball
3-1: Called Strike
3-2: Strikes out swinging
Batting: RHB Danny Morales 0-0: Ground out 4-3 (Groundball, 4S, EV 65.6 MPH)
Batting: SHB John Hardy 0-0: Called Strike
0-1: Ball
1-1: Fly out, F7 (Flyball, 7LM, EV 82.5 MPH)
Bottom of the 1st over - 0 runs, 0 hits, 0 errors, 0 left on base; Bakersfield 0 - Modesto 0
TOP OF THE 2ND
Bakersfield Blaze batting - Pitching for Modesto Nuts : LHP John Wells
Batting: RHB Keith Burchfield 0-0: Foul Ball, location: 3F
0-1: Ball
1-1: Called Strike
1-2: Strikes out swinging, 2-3 out at first.
Batting: LHB Darren Gatling 0-0: Foul Ball, location: 3FF
0-1: Ball
1-1: SINGLE (Line Drive, 56, EV 103.8 MPH)
Batting: RHB Robert Olague 0-0: Ground out 4-3 (Groundball, 34S, EV 88.8 MPH)
Darren Gatling to second
Batting: RHB Miguel Torres 0-0: Ball
1-0: Called Strike
1-1: Ground out 6-3 (Groundball, 6M, EV 103.8 MPH)
Top of the 2nd over - 0 runs, 1 hit, 0 errors, 1 left on base; Bakersfield 0 - Modesto 0
BOTTOM OF THE 2ND
Modesto Nuts batting - Pitching for Bakersfield Blaze : RHP Josh Gravelle
Batting: RHB Bryan Renner 0-0: Swinging Strike
0-1: Ball
1-1: Ball
2-1: Ball
3-1: Base on Balls
Batting: LHB Matt Fahey 0-0: Ball
1-0: Fly out, F8 (Flyball, 8LM, EV 96.3 MPH)
Batting: RHB Eddie Trevino 0-0: Foul Ball, location: 2F
0-1: Swinging Strike
0-2: Ball
1-2: Ball
2-2: Foul Ball, location: 2F
2-2: Foul Ball, location: 9LDF
2-2: Strikes out swinging
Batting: RHB Ruben Reyes 0-0: Ball
1-0: Ball
Bryan Renner steals 2nd base
2-0: SINGLE (Flyball, 34D, EV 90.0 MPH)
Bryan Renner to third
Runner from 3rd tries for Home, SAFE, throw by RF to home
Batting: RHB Joe Couch 0-0: Ball
1-0: Ball
2-0: Ball
3-0: Called Strike
3-1: Swinging Strike
3-2: Foul Ball, location: 23FF
3-2: Strikes out swinging
Bottom of the 2nd over - 1 run, 1 hit, 0 errors, 1 left on base; Bakersfield 0 - Modesto 1
TOP OF THE 3RD
Bakersfield Blaze batting - Pitching for Modesto Nuts : LHP John Wells
Batting: LHB Tyler Staley 0-0: Called Strike
0-1: Ball
1-1: Called Strike
1-2: Ground out 6-3 (Groundball, 6M, EV 90.0 MPH)
Batting: SHB Pete Mullins 0-0: Called Strike
0-1: Ball
1-1: Ball
2-1: Foul Ball, location: 9LMF
2-2: Ball
3-2: SOLO HOME RUN (Flyball, 89XD, EV 108.1 MPH), Distance : 406 ft
Batting: RHB Kevin Spence 0-0: Ball
1-0: Fly out, F8 (Line Drive, 8RM, EV 90.0 MPH)
Batting: LHB Phil Rogalla 0-0: Called Strike
0-1: Foul Ball, location: 2F
0-2: Ball
1-2: Ball
2-2: Ground out 5-3 (Groundball, 5, EV 83.8 MPH)
Top of the 3rd over - 1 run, 1 hit, 0 errors, 0 left on base; Bakersfield 1 - Modesto 1
BOTTOM OF THE 3RD
Modesto Nuts batting - Pitching for Bakersfield Blaze : RHP Josh Gravelle
Batting: RHB Danny Piedrahita 0-0: Ball
1-0: SINGLE (Groundball, P, EV 79.4 MPH) (infield hit)
Batting: RHB Jorge Jacobo 0-0: Called Strike
0-1: Foul Ball, location: 9LMFF
0-2: Strikes out looking
Batting: RHB Danny Morales 0-0: Ball
1-0: Ball
2-0: Fly out, F8 (Flyball, 8RM, EV 87.5 MPH)
Batting: SHB John Hardy 0-0: Swinging Strike
0-1: Called Strike
0-2: Strikes out swinging
Bottom of the 3rd over - 0 runs, 1 hit, 0 errors, 1 left on base; Bakersfield 1 - Modesto 1
TOP OF THE 4TH
Bakersfield Blaze batting - Pitching for Modesto Nuts : LHP John Wells
Batting: RHB Tony Arias 0-0: SINGLE (Line Drive, 3D, EV 97.5 MPH)
Batting: RHB Keith Burchfield 0-0: Ball
1-0: Ball
2-0: Ball
3-0: Called Strike
3-1: Foul Ball, location: 3F
3-2: Ground out 5-3 (Groundball, 56, EV 105.0 MPH)
Tony Arias to second
Batting: LHB Darren Gatling 0-0: Called Strike
0-1: Ball
1-1: Ground out 6-3 (Groundball, 56, EV 93.8 MPH)
Tony Arias to third
Batting: RHB Robert Olague 0-0: Ball
1-0: Called Strike
1-1: Ball
2-1: Foul Ball, location: 2F
2-2: Ball
3-2: Foul Ball, location: 9LDF
3-2: Strikes out swinging
Top of the 4th over - 0 runs, 1 hit, 0 errors, 1 left on base; Bakersfield 1 - Modesto 1
BOTTOM OF THE 4TH
Modesto Nuts batting - Pitching for Bakersfield Blaze : RHP Josh Gravelle
Batting: RHB Bryan Renner 0-0: Ball
1-0: Ball
2-0: Foul Ball, location: 2F
2-1: Called Strike
2-2: Foul Ball, location: 2RF
2-2: Ball
3-2: Foul Ball, location: 3F
3-2: Base on Balls
Batting: LHB Matt Fahey 0-0: Ball
1-0: Called Strike
1-1: Swinging Strike
1-2: Ball
2-2: Ball
3-2: SINGLE (Groundball, 4S, EV 75.0 MPH) (infield hit)
Bryan Renner to second
Batting: RHB Eddie Trevino 0-0: Called Strike
0-1: Ball
1-1: SINGLE (Line Drive, 7S, EV 95.6 MPH)
Bryan Renner to third
Matt Fahey to second
Batting: RHB Ruben Reyes 0-0: Ball
1-0: Foul Ball, location: 23F
1-1: Ball
2-1: Ball
3-1: SINGLE (Line Drive, 9LS, EV 98.8 MPH)
Bryan Renner scores
Matt Fahey to third
Eddie Trevino to second
Batting: RHB Joe Couch 0-0: Called Strike
0-1: Ball
1-1: Ball
2-1: Called Strike
2-2: Ball
3-2: Foul Ball, location: 23F
3-2: Foul Ball, location: 7LMF
3-2: Base on Balls
Matt Fahey scores
Eddie Trevino to third
Ruben Reyes to second
Batting: RHB Danny Piedrahita 0-0: Called Strike
0-1: Called Strike
0-2: Ball
1-2: SINGLE (Line Drive, 78M, EV 105.0 MPH)
Eddie Trevino scores
Ruben Reyes to third
Joe Couch to second
Batting: RHB Jorge Jacobo 0-0: TRIPLE (Line Drive, 89XD, EV 100.0 MPH)
Ruben Reyes scores
Joe Couch scores
Danny Piedrahita scores
Pitching: LHP Hector Trejo
Batting: RHB Danny Morales 0-0: Ball
1-0: Ball
2-0: Called Strike
2-1: Swinging Strike
2-2: Foul Ball, location: 9LDF
2-2: Ball
3-2: Strikes out swinging
Batting: SHB John Hardy 0-0: Called Strike
0-1: Foul Ball, location: 2F
0-2: Ball
1-2: Strikes out looking
Batting: RHB Bryan Renner 0-0: Foul Ball, location: 23F
0-1: Called Strike
0-2: Ball
1-2: SINGLE (Flyball, 3D, EV 88.1 MPH)
Jorge Jacobo scores
Batting: LHB Matt Fahey 0-0: Ball
1-0: Ball
2-0: Fly out, F5 (Popup, 5SF, EV 71.3 MPH)
Bottom of the 4th over - 7 runs, 6 hits, 0 errors, 1 left on base; Bakersfield 1 - Modesto 8
TOP OF THE 5TH
Bakersfield Blaze batting - Pitching for Modesto Nuts : LHP John Wells
Batting: RHB Miguel Torres 0-0: Ground out 5-3 (Groundball, 25, EV 79.4 MPH)
Batting: LHB Tyler Staley 0-0: Ball
1-0: Foul Ball, location: 5FF
1-1: Foul Ball, location: 2F
1-2: Strikes out looking
Batting: SHB Pete Mullins 0-0: Called Strike
0-1: Swinging Strike
0-2: Ball
1-2: Foul Ball, location: 2F
1-2: Ball
2-2: Strikes out looking
Top of the 5th over - 0 runs, 0 hits, 0 errors, 0 left on base; Bakersfield 1 - Modesto 8
BOTTOM OF THE 5TH
Modesto Nuts batting - Pitching for Bakersfield Blaze : LHP Hector Trejo
Batting: RHB Eddie Trevino 0-0: Called Strike
0-1: Called Strike
0-2: Ground out 4-3 (Groundball, 4, EV 83.1 MPH)
Batting: RHB Ruben Reyes 0-0: Foul Ball, location: 5DF
0-1: Ball
1-1: Ball
2-1: Foul Ball, location: 2F
2-2: Foul Ball, location: 3SF
2-2: Foul Ball, location: 5F
2-2: Ball
3-2: Base on Balls
Batting: RHB Joe Couch 0-0: Ball
1-0: Called Strike
1-1: Swinging Strike
1-2: Fly out, F4 (Popup, 23, EV 88.8 MPH)
Batting: RHB Danny Piedrahita 0-0: Called Strike
0-1: Called Strike
0-2: Foul Ball, location: 25FF
0-2: Hit by Pitch
Ruben Reyes to second
Batting: RHB Jorge Jacobo 0-0: Ball
1-0: Foul Ball, location: 2F
1-1: Called Strike
1-2: Strikes out swinging
Bottom of the 5th over - 0 runs, 0 hits, 0 errors, 2 left on base; Bakersfield 1 - Modesto 8
TOP OF THE 6TH
Bakersfield Blaze batting - Pitching for Modesto Nuts : LHP John Wells
Batting: RHB Kevin Spence 0-0: Called Strike
0-1: Ball
1-1: Ball
2-1: Called Strike
2-2: Ball
3-2: Foul Ball, location: 5F
3-2: Foul Ball, location: 2F
3-2: TRIPLE (Line Drive, 89XD, EV 105.6 MPH)
Batting: LHB Phil Rogalla 0-0: Fly out, F3 (Line Drive, 3, EV 68.8 MPH)
Batting: RHB Tony Arias 0-0: Fly out, F9 (Line Drive, 89S, EV 95.6 MPH)
Runner from 3rd tags up, SCORES, throw by RF
Batting: RHB Keith Burchfield 0-0: Ball
1-0: Ball
2-0: Swinging Strike
2-1: SINGLE (Line Drive, 78S, EV 86.3 MPH)
Batting: LHB Darren Gatling 0-0: Called Strike
0-1: Ball
1-1: Foul Ball, location: 3DF
1-2: Foul Ball, location: 9LMF
1-2: Foul Ball, location: 5FF
1-2: Strikes out swinging
Top of the 6th over - 1 run, 2 hits, 0 errors, 1 left on base; Bakersfield 2 - Modesto 8
BOTTOM OF THE 6TH
Modesto Nuts batting - Pitching for Bakersfield Blaze : LHP Hector Trejo
Batting: RHB Danny Morales 0-0: Swinging Strike
0-1: Foul Ball, location: 25F
0-2: Ball
1-2: Strikes out swinging
Batting: SHB John Hardy 0-0: Fly out, F8 (Flyball, 8RM, EV 93.8 MPH)
Batting: RHB Bryan Renner 0-0: Ball
1-0: Ball
2-0: Foul Ball, location: 5F
2-1: Fly out, F9 (Flyball, 9, EV 92.5 MPH)
Bottom of the 6th over - 0 runs, 0 hits, 0 errors, 0 left on base; Bakersfield 2 - Modesto 8
TOP OF THE 7TH
Bakersfield Blaze batting - Pitching for Modesto Nuts : LHP John Wells
Batting: RHB Robert Olague 0-0: Ball
1-0: Ball
2-0: Foul Ball, location: 2F
2-1: Foul Ball, location: 3F
2-2: Ball
3-2: Base on Balls
Pitching: RHP Juan Rendon
Batting: RHB Miguel Torres 0-0: Called Strike
0-1: Grounds into double play, 4-6-3 (Groundball, 4S, EV 77.5 MPH)
Batting: LHB Tyler Staley 0-0: Called Strike
0-1: SINGLE (Line Drive, 8RS, EV 103.8 MPH)
Batting: SHB Pete Mullins 0-0: Ball
1-0: Ball
2-0: Ball
3-0: Called Strike
3-1: Base on Balls
Tyler Staley to second
Batting: RHB Kevin Spence 0-0: Called Strike
0-1: Ball
1-1: Foul Ball, location: 23F
1-2: Foul Ball, location: 5F
1-2: Ball
2-2: Fly out, F8 (Flyball, 78M, EV 90.0 MPH)
Top of the 7th over - 0 runs, 1 hit, 0 errors, 2 left on base; Bakersfield 2 - Modesto 8
BOTTOM OF THE 7TH
Modesto Nuts batting - Pitching for Bakersfield Blaze : LHP Hector Trejo
Batting: LHB Matt Fahey 0-0: Swinging Strike
0-1: Swinging Strike
0-2: Ground out 5-3 (Groundball, 5, EV 81.9 MPH)
Batting: RHB Eddie Trevino 0-0: Called Strike
0-1: Foul Ball, location: 9LMF
0-2: Ball
1-2: Strikes out swinging
Batting: RHB Ruben Reyes 0-0: Ground out 6-3 (Groundball, 6, EV 85.0 MPH)
Bottom of the 7th over - 0 runs, 0 hits, 0 errors, 0 left on base; Bakersfield 2 - Modesto 8
TOP OF THE 8TH
Bakersfield Blaze batting - Pitching for Modesto Nuts : RHP Juan Rendon
Batting: LHB Phil Rogalla 0-0: Foul Ball, location: 2F
0-1: Swinging Strike
0-2: Ball
1-2: Ball
2-2: Ball
3-2: Foul Ball, location: 23F
3-2: Foul Ball, location: 5F
3-2: SINGLE (Line Drive, 34, EV 99.4 MPH)
Batting: RHB Tony Arias 0-0: DOUBLE (Groundball, 5L, EV 109.4 MPH)
Phil Rogalla to third
Batting: RHB Keith Burchfield 0-0: SINGLE (Groundball, 34D, EV 107.5 MPH)
Phil Rogalla scores
Tony Arias to third
Runner from 3rd tries for Home, SAFE, throw by RF to home
Keith Burchfield to second
Batting: LHB Darren Gatling 0-0: Called Strike
0-1: SINGLE (Line Drive, 8LS, EV 94.4 MPH)
Keith Burchfield to third
Batting: RHB Robert Olague 0-0: Called Strike
0-1: Ball
1-1: Ball
2-1: Called Strike
2-2: Fly out, F8 (Line Drive, 89S, EV 89.4 MPH)
Pinch Hitting: LHB Jim Passerini 0-0: Swinging Strike
0-1: Foul Ball, location: 3SF
0-2: Ball
1-2: Strikes out swinging
Batting: LHB Tyler Staley 0-0: Swinging Strike
0-1: Foul Ball, location: 2RF
0-2: Ball
1-2: Foul Ball, location: 2F
1-2: Ground out U3 (Groundball, 34, EV 86.9 MPH)
Top of the 8th over - 2 runs, 4 hits, 0 errors, 2 left on base; Bakersfield 4 - Modesto 8
BOTTOM OF THE 8TH
Modesto Nuts batting - Pitching for Bakersfield Blaze : LHP Hector Trejo
Pitching: RHP Brent Hitchcock
Now at SS: Andy Fowler
Batting: RHB Joe Couch 0-0: Called Strike
0-1: Foul Ball, location: 2F
0-2: Ball
1-2: Ball
2-2: Strikes out looking
Batting: RHB Danny Piedrahita 0-0: Ball
1-0: Swinging Strike
1-1: Swinging Strike
1-2: Strikes out looking
Batting: RHB Jorge Jacobo 0-0: Ball
1-0: Called Strike
1-1: Called Strike
1-2: Strikes out looking
Bottom of the 8th over - 0 runs, 0 hits, 0 errors, 0 left on base; Bakersfield 4 - Modesto 8
TOP OF THE 9TH
Bakersfield Blaze batting - Pitching for Modesto Nuts : RHP Juan Rendon
Pitching: RHP Chris Stevens
Batting: SHB Pete Mullins 0-0: Ball
1-0: Ball
2-0: Foul Ball, location: 23F
2-1: Called Strike
2-2: Foul Ball, location: 7LSF
2-2: Ground out U3 (Groundball, 3, EV 85.0 MPH)
Batting: RHB Kevin Spence 0-0: Ball
1-0: Fly out, F7 (Line Drive, 7, EV 105.0 MPH)
Batting: LHB Phil Rogalla 0-0: Foul Ball, location: 2F
0-1: Foul Ball, location: 2F
0-2: Ball
1-2: Foul Ball, location: 23FF
1-2: Ball
2-2: Strikes out swinging
Top of the 9th over - 0 runs, 0 hits, 0 errors, 0 left on base; Bakersfield 4 - Modesto 8
Wednesday, May 15th , 2024 - OOTP Baseball 24.11 Build 85